Map: Artilharia Pesada LE

Players

Kurichigo

  • Race: Zerg Zerg
  • Spawn Location: 7:00

Hero

  • Race: Protoss Protoss
  • Spawn Location: 7:00

Computer - Winner!

  • Race: Zerg Zerg
  • League: Silver
  • Spawn Location: 3:00

oonunes - Winner!

  • Race: Protoss Protoss
  • Spawn Location: 1:00

VOD

Have the link to the VOD?

Description

Time

  • Played on: July 10, 2022, 3:12 a.m.
  • Length: 49:28
Show
View Real Time Build Order
Export as new Build Order

Kurichigo Zerg 

Build Orders: Pool First 

Get SALT Encoding   

  12  0:09  Drone  
  13  0:28  Spawning Pool  
  12  0:29  Drone  
  13  0:39  Drone  
  13  0:40  Overlord  
  14  0:58  Overlord x2  
  14  1:05  Drone  
  15  1:31  Hatchery  
  15  1:32  Zergling x4  
  16  1:41  Zergling x2  
  17  1:52  Queen  
  19  1:56  Zergling x2  
  19  1:57  Zergling x2  
  21  2:09  Drone  
  22  2:34  Drone  
  22  2:35  Drone  
  24  2:47  Roach Warren  
  24  2:50  Extractor  
  22  2:54  Drone x2  
  22  2:56  Extractor  
  23  3:00  Drone x2  
  23  3:02  Queen  
  27  3:12  Drone x2  
  29  3:13  Drone  
  30  3:27  Drone x3  
  30  3:32  Roach  
  35  3:43  Roach  
  35  3:46  Roach x3  
  43  3:52  Drone  
  44  3:56  Overlord  
  44  4:05  Extractor  
  44  4:08  Drone  
  44  4:09  Extractor  
  43  4:27  Roach x4  
  51  4:34  Drone  
  51  4:36  Overlord  
  51  4:37  Overlord  
  52  4:46  Overlord x2  
  52  5:02  Drone x3  
  55  5:19  Roach x3  
  55  5:20  Roach  
  63  5:24  Hatchery  
  62  5:28  Drone  
  62  5:29  Drone x3  
  62  5:33  Overlord  
  66  5:54  Roach x5  
  76  6:00  Roach  
  76  6:01  Roach x2  
  82  6:14  Lair  
  82  6:36  Roach x5  
  82  6:37  Hatchery  
  91  6:42  Roach  
  91  6:43  Overlord  
  91  6:46  Drone  
  94  6:48  Drone  
  95  7:02  Drone x3  
  95  7:04  Queen  
  100  7:36  Drone x3  
  103  7:46  Hydralisk Den  
  103  7:48  Roach x2  
  103  7:49  Overlord x4  
  106  7:53  Drone x2  
  106  7:54  Drone x2  
  106  7:55  Roach  
  112  8:06  Overlord x2  
  112  8:12  Drone x3  
  115  8:17  Extractor  
  114  8:20  Extractor  
  114  8:21  Lair  
  113  8:28  Drone x2  
  113  8:29  Drone  
  113  8:31  Queen  
  118  8:35  Hydralisk  
  118  8:36  Hydralisk x4  
  128  8:41  Hydralisk  
  128  8:46  Drone  
  131  8:55  Drone  
  132  9:15  Roach x3  
  138  9:28  Roach  
  138  9:29  Roach  
  138  9:30  Hydralisk x5  
  152  9:38  Hydralisk x4  
  152  9:40  Overlord x2  
  152  9:41  Overlord  
  160  9:49  Overlord x2  
  160  10:04  Spire  
  160  10:06  Hydralisk x5  
  169  10:36  Hydralisk x3  
  169  10:37  Hydralisk  
  169  10:38  Hydralisk x3  
  169  10:39  Hydralisk x2  
  187  10:58  Hydralisk x2  
  187  10:59  Hydralisk x4  
  167  12:19  Mutalisk x5  
  167  12:21  Mutalisk x4  
  167  12:22  Mutalisk x2  
  104  12:52  Hydralisk x3  
  104  12:54  Hydralisk x3  
  104  12:56  Hydralisk x2  
  104  12:58  Hydralisk  
  116  13:08  Drone x2  
  96  13:32  Hydralisk x3  
  102  13:34  Hydralisk x3  
  102  13:36  Hydralisk x2  
  112  13:43  Hydralisk  
  84  14:20  Hatchery  
  73  14:26  Hydralisk x3  
  73  14:27  Hydralisk x3  
  73  14:28  Hydralisk  
  73  14:29  Hydralisk x3  
  73  14:31  Hydralisk  
  85  14:43  Hydralisk x2  
  81  14:45  Overlord  
  81  14:55  Queen  
  59  15:21  Hydralisk  
  59  15:22  Drone, Hydralisk  
  59  15:23  Hydralisk x3  
  59  15:25  Hydralisk x4  
  59  15:27  Hydralisk  
  76  15:38  Drone  
  76  15:39  Queen  
  79  15:59  Hydralisk x3  
  79  16:00  Hydralisk  
  79  16:01  Hydralisk x2  
  79  16:02  Hydralisk  
  73  16:30  Drone x3  
  76  16:34  Hydralisk x4  
  76  16:38  Hydralisk  
  76  16:39  Hydralisk x3  
  92  16:46  Hydralisk  
  71  17:14  Hydralisk x2  
  71  17:15  Drone, Hydralisk x2  
  68  17:17  Hydralisk  
  68  17:20  Drone  
  52  17:39  Hatchery  
  52  17:40  Extractor  
  52  17:42  Extractor  
  49  17:49  Drone  
  49  17:50  Drone x7  
  49  17:51  Drone x2  
  59  18:19  Drone x5  
  64  18:33  Hatchery  
  63  18:42  Extractor  
  63  18:45  Extractor  
  52  19:16  Extractor  
  49  19:19  Extractor  
  48  19:37  Spawning Pool  
  47  19:38  Evolution Chamber  
  46  19:56  Hatchery  
  45  20:30  Hatchery  
  45  20:32  Lair  
  44  20:47  Drone x3  
  47  21:08  Drone x4  
  47  21:09  Drone x2  
  53  21:18  Hydralisk Den  
  52  21:38  Hatchery  
  53  21:40  Drone x3  
  53  21:41  Queen, Hatchery  
  54  22:04  Hydralisk x4  
  61  22:13  Drone  
  61  22:23  Drone  
  61  22:32  Extractor  
  61  22:35  Extractor  
Show
View Real Time Build Order
Export as new Build Order

Hero Protoss 

Build Orders: 1 Gate Expand 

Get SALT Encoding   

  12  0:01  Probe  
  13  0:13  Probe  
  14  0:21  Pylon  
  14  0:25  Probe  
  15  0:38  Pylon  
  15  0:39  Probe  
  16  0:51  Probe  
  16  0:53  Gateway  
  17  1:04  Gateway  
  17  1:14  Assimilator  
  17  1:20  Gateway  
  17  1:44  Nexus  
  17  1:48  Zealot  
  19  1:59  Pylon  
  19  2:08  Pylon  
  19  2:14  Pylon  
  19  2:19  Zealot  
  21  2:27  Forge  
  21  2:31  Zealot  
  23  2:48  Cybernetics Core  
  23  2:51  Zealot  
  25  2:55  Zealot  
  27  3:06  Photon Cannon  
  27  3:12  Zealot  
  29  3:18  Probe  
  30  3:30  Probe  
  31  3:37  Probe  
  32  3:41  Assimilator  
  32  3:42  Probe  
  32  3:43  Zealot  
  35  3:49  Probe  
  36  4:01  Probe  
  37  4:10  Probe  
  37  4:13  Probe  
  39  4:20  Zealot  
  39  4:22  Zealot, Probe  
  39  4:23  Stalker  
  46  4:25  Probe  
  47  4:34  Probe  
  47  4:37  Probe  
  49  4:46  Probe  
  49  4:47  Zealot  
  49  4:49  Zealot  
  49  4:51  Assimilator  
  54  4:59  Protoss Ground Armor Level 1, Probe  
  55  5:08  Zealot  
  55  5:11  Probe  
  55  5:14  Zealot  
  60  5:16  Zealot  
  62  5:23  Probe  
  62  5:24  Warp Gate  
  63  5:35  Stalker, Probe  
  66  5:46  Zealot  
  66  5:49  Zealot  
  70  5:56  Twilight Council  
  70  6:02  Shield Battery  
  70  6:36  Nexus  
  70  6:39  Pylon  
  70  6:42  Pylon  
  70  6:46  Pylon  
  70  6:57  Zealot x3, Probe  
  77  7:09  Probe, Templar Archives  
  77  7:13  Photon Cannon  
  78  7:16  Photon Cannon  
  78  7:20  Photon Cannon  
  78  7:21  Probe  
  79  7:22  Photon Cannon  
  79  7:25  Photon Cannon  
  79  7:30  Photon Cannon  
  79  7:33  Photon Cannon  
  79  7:41  Shield Battery  
  79  7:44  Shield Battery  
  79  7:49  Gateway  
  79  7:56  Pylon  
  79  8:00  Pylon  
  79  8:06  Probe  
  79  8:07  Assimilator  
  80  8:18  Probe  
  81  8:20  Probe  
  81  8:24  Protoss Ground Armor Level 2  
  82  8:30  Probe  
  82  8:32  Probe  
  84  8:42  High Templar, Probe  
  87  8:54  Probe  
  87  8:55  High Templar  
  90  9:06  Probe  
  90  9:09  Gateway  
  91  9:17  Robotics Facility  
  91  9:18  Probe  
  92  9:24  Dark Shrine  
  92  9:30  Probe  
  93  9:35  Stalker  
  95  9:43  Probe  
  96  10:00  Pylon  
  96  10:04  Pylon  
  96  10:11  Gateway  
  96  10:14  Pylon  
  96  10:18  Pylon  
  96  10:28  Gateway  
  96  10:32  Gateway  
  96  10:34  Gateway  
  96  10:40  Photon Cannon  
  96  10:41  Photon Cannon  
  96  10:43  Photon Cannon  
  96  10:45  Photon Cannon  
  96  10:47  Photon Cannon  
  96  10:49  Photon Cannon  
  96  10:52  Photon Cannon  
  96  10:55  Photon Cannon  
  96  11:07  Zealot  
  96  11:08  Zealot  
  96  11:10  Stalker  
  104  11:18  Dark Templar  
  104  11:55  Pylon  
  104  11:58  Pylon, Dark Templar  
  106  12:14  Zealot  
  96  12:16  Stalker  
  96  12:18  Stalker  
  84  12:37  Dark Templar  
  84  12:43  Stalker  
  84  12:45  Stalker  
  84  12:46  Stalker  
  84  12:48  Stalker  
  74  13:11  Probe  
  52  13:15  Stalker  
  52  13:16  Stalker  
  52  13:19  Stalker  
  58  13:21  Stalker  
  58  13:23  Probe  
  61  13:35  Probe  
  61  13:37  Stalker  
  61  13:40  Stalker  
  66  13:42  Stalker  
  66  13:46  Stalker  
  66  13:48  Stalker  
  58  13:49  Stalker  
  58  13:51  Stalker  
  58  13:52  Stalker  
  58  13:53  Stalker  
  58  13:55  Stalker  
  68  14:28  Stalker  
  68  14:31  Pylon  
  66  14:40  High Templar  
  66  14:44  High Templar  
  62  14:49  Cybernetics Core  
  32  15:27  Stalker  
  32  15:28  Stalker  
  35  15:29  Stalker  
  35  15:37  Stalker  
  31  15:49  Photon Cannon  
  16  15:50  Photon Cannon  
  16  15:53  Photon Cannon  
  16  15:55  Photon Cannon  
  13  15:57  Stalker  
  13  15:59  Stalker  
  13  16:01  Stalker  
  13  16:03  Stalker  
  16  16:23  Stalker  
  16  16:25  Stalker  
  15  16:38  Stalker  
  12  16:43  Gateway  
  12  16:47  Photon Cannon  
  12  16:48  Pylon  
  12  16:53  Photon Cannon  
  11  17:02  Pylon  
  11  17:06  Pylon  
  11  17:08  Pylon  
  11  17:12  Gateway  
  11  17:21  Gateway  
  11  17:24  Gateway  
  11  17:30  Stalker  
  13  17:42  Pylon  
  13  17:45  Gateway  
  13  17:48  Gateway  
  13  17:51  Gateway  
  13  17:52  Probe  
  13  17:57  Zealot  
  16  18:04  Probe  
  17  18:06  Stalker  
  19  18:16  Probe  
  20  18:29  Probe  
  21  18:41  Probe  
  22  18:53  Probe  
  23  19:05  Probe  
  23  19:17  Zealot, Probe  
  23  19:18  Stalker  
  23  19:20  Stalker  
  30  19:29  Probe  
  31  19:41  Probe  
  16  20:05  Stalker  
  16  20:06  Stalker  
  19  20:07  Stalker  
  19  20:08  Stalker  
  19  20:09  Stalker  
  13  20:34  Stalker x2  
  5  20:52  Probe  
  5  20:53  Pylon  
  6  21:43  Pylon  
  6  21:51  Stalker  
  8  21:56  Stalker  
Show
View Real Time Build Order
Export as new Build Order

Computer Zerg - Winner!

Build Orders: Pool First 

Get SALT Encoding   

  12  2:31  Extractor  
  12  2:36  Extractor  
  10  2:41  Drone  
  10  2:42  Drone  
  10  2:43  Drone  
  13  3:08  Drone  
  13  3:10  Overlord  
  14  3:29  Drone  
  15  3:45  Drone  
  16  3:56  Overlord  
  16  4:00  Drone  
  17  31:48  Spawning Pool  
  17  31:59  Extractor  
  17  32:07  Overlord  
  17  32:09  Overlord x2  
  17  32:13  Extractor  
  17  32:16  Pneumatized Carapace  
  17  32:26  Evolution Chamber  
  17  33:01  Hatchery  
  17  33:32  Roach Warren  
  17  33:40  Baneling Nest  
  17  33:47  Spine Crawler  
  17  33:52  Spore Crawler  
  17  34:09  Drone x3  
  17  35:13  Lair  
  17  35:21  Roach  
  17  35:22  Zergling x2  
  17  35:26  Roach  
  17  36:18  Ravager  
  17  36:35  Hydralisk Den  
  17  36:41  Infestation Pit  
  17  36:48  Nydus Network  
  17  36:51  Spire  
  17  37:24  Hive  
  17  38:14  Hydralisk  
  17  38:17  Mutalisk  
  17  38:18  Corruptor  
  17  38:50  Ultralisk Cavern  
  17  39:52  Lurker Den  
  17  40:01  Infestor  
  17  40:02  Swarm Host  
  17  40:04  Viper  
  17  40:14  Ultralisk  
  17  40:15  Ultralisk  
  17  40:16  Ultralisk  
  17  42:13  Infestor  
  17  42:14  Corruptor  
  17  42:30  Swarm Host  
  17  42:40  Lurker  
  17  42:57  Queen  
  17  43:33  Queen  
  17  45:46  Nydus Canal  
Show
View Real Time Build Order
Export as new Build Order

oonunes Protoss - Winner!

Build Orders: Carriers 

Get SALT Encoding   

  12  0:03  Probe  
  13  0:20  Pylon  
  13  0:26  Assimilator  
  13  0:31  Assimilator  
  13  0:35  Probe  
  14  0:47  Probe  
  15  0:52  Gateway  
  15  1:00  Gateway  
  15  1:09  Gateway  
  15  1:12  Probe  
  16  1:24  Probe  
  16  1:25  Forge  
  17  1:32  Pylon  
  17  1:36  Probe  
  18  1:48  Nexus, Probe  
  19  2:02  Protoss Ground Weapons Level 1  
  19  2:05  Cybernetics Core  
  19  2:10  Zealot  
  19  2:12  Zealot  
  19  2:14  Zealot  
  25  2:53  Warp Gate  
  25  3:23  Pylon  
  25  4:10  Protoss Ground Armor Level 1  
  25  4:13  Twilight Council  
  25  4:15  Probe  
  26  4:23  Gateway  
  26  4:27  Probe  
  27  4:37  Stargate  
  27  4:39  Probe  
  28  4:48  Protoss Air Weapons Level 1  
  28  4:50  Cybernetics Core  
  28  4:51  Probe  
  29  4:55  Stalker  
  29  4:57  Stalker  
  29  4:59  Stalker  
  35  5:03  Probe  
  35  5:06  Gateway  
  36  5:16  Stargate  
  36  5:18  Probe  
  37  5:27  Assimilator  
  37  5:31  Probe  
  37  5:33  Assimilator  
  38  5:43  Probe  
  39  5:51  Stalker  
  39  5:53  Pylon  
  39  5:54  Stalker  
  39  5:55  Probe  
  44  5:57  Stalker  
  46  6:07  Probe  
  46  6:08  Photon Cannon  
  47  6:15  Photon Cannon  
  47  6:19  Probe  
  47  6:25  Fleet Beacon  
  48  6:31  Protoss Shields Level 1  
  48  6:52  Pylon  
  48  6:56  Protoss Air Armor Level 1  
  48  7:16  Forge  
  48  7:36  Protoss Air Weapons Level 2  
  48  7:43  Dark Shrine  
  48  7:50  Sentry  
  50  7:53  Sentry  
  50  7:57  Sentry  
  54  8:00  Sentry  
  54  8:02  Carrier  
  54  8:05  Carrier  
  68  8:31  Stargate  
  68  8:33  Probe  
  69  8:45  Probe  
  70  8:53  Stargate  
  70  9:12  Protoss Air Armor Level 2  
  70  9:36  Pylon  
  70  9:43  Pylon  
  70  9:54  Probe  
  70  9:55  Carrier  
  77  10:01  Carrier  
  77  10:03  Pylon  
  77  10:04  Protoss Shields Level 2  
  83  10:08  Protoss Ground Armor Level 2  
  83  10:19  Pylon  
  83  10:31  Carrier  
  89  10:37  Carrier  
  95  10:43  Pylon  
  95  10:57  Pylon  
  95  11:15  Pylon  
  95  11:33  Dark Templar  
  95  11:37  Dark Templar  
  95  11:39  Dark Templar  
  101  11:41  Dark Templar  
  101  11:42  Dark Templar  
  105  11:50  Protoss Air Weapons Level 3  
  105  11:55  Stargate  
  87  13:32  Pylon  
  81  14:13  Carrier  
  81  14:15  Carrier  
  87  14:17  Carrier  
  87  14:19  Carrier  
  99  14:26  Pylon  
  93  15:28  Stargate  
  93  15:38  Carrier  
  93  15:40  Carrier  
  105  15:51  Pylon  
  105  16:00  Pylon  
  105  16:09  Carrier  
  99  17:59  Carrier  
  99  18:01  Carrier  
  99  18:03  Carrier  
  117  18:06  Carrier  
  123  18:18  Pylon  
  123  18:22  Pylon  
  123  18:28  Pylon  
  123  18:37  Carrier  
  129  20:13  Carrier  
  135  20:15  Carrier  
  135  20:20  Pylon  
  141  20:25  Pylon  
  141  21:11  Carrier  
  141  21:16  Carrier  
  153  21:19  Carrier  
  153  21:24  Pylon  
  159  21:30  Pylon  
  159  23:49  Carrier  
  159  23:51  Carrier  
  159  23:56  Carrier  
  159  25:11  Pylon, Protoss Air Armor Level 3  
  159  25:15  Pylon  
  159  25:20  Pylon  
  159  25:29  Carrier  
  159  25:36  Carrier  
  159  25:56  Carrier  
  159  27:06  Void Ray  
  159  33:31  Nexus  
  159  34:26  Assimilator  
  159  34:31  Assimilator  
Tags
 
Add a new tag
Caveats
  • Supply blocks, unpowered buildings, or Contaminate may cause inaccurate times.
  • Supply counts are checked every 10 seconds.